 Dungeon Crawl Stone Soup version 0.31-a0-365-gcf821cafb2 (webtiles) character file.

Game seed: 14838482265780777171

62 Shard1697 the Chopper (level 3, -1/31 HPs)
             Began as an Armataur Gladiator on July 27, 2023.
             Was a Believer of Ru.
             Slain by a gnoll
             ... wielding a +0 halberd
              (10 damage)
             ... on level 2 of the Dungeon.
             The game lasted 00:01:34 (715 turns).

Shard1697 the Chopper (Armataur Gladiator)           Turns: 715, Time: 00:01:34

Health: -1/31      AC:  6    Str: 21    XL:     3   Next: 85%
Magic:  3/3        EV:  9    Int:  8    God:    Ru [**....]
Gold:   46         SH:  0    Dex: 11    Spells: 2/2 levels left

rFire   . . .        a - +0 war axe
rCold   . . .        (no shield)
rNeg    . . .        m - +0 ring mail
rPois   .            c - +0 helmet
rElec   .            (no cloak)
rCorr   .            (no gloves)
SInv    .            (no barding)
Will    .....        (no amulet)
Stlth   +            (no ring)
HPRegen 0.25/turn    (no ring)
MPRegen 0.08/turn

%: roll
@: no status effects
A: large, rugged brown scales 3, deformed body, inability to use devices,
armoured tail, roll, long tongue, awkward tongue
a: Renounce Religion


You were on level 2 of the Dungeon.
You worshipped Ru.
Ru was pleased with you.
You visited 1 branch of the dungeon, and saw 2 of its levels.

You collected 46 gold pieces.

Inventory:

Hand Weapons
 a - a +0 war axe (weapon)
 b - a +0 morningstar
Missiles
 d - 3 throwing nets (quivered)
 e - a javelin
Armour
 c - a +0 helmet (worn)
 m - a +0 ring mail (worn)
Jewellery
 j - a ring of protection from fire
Scrolls
 g - 2 scrolls of identify {unknown}
 i - 2 scrolls of amnesia {unknown}
 k - a scroll of enchant weapon {unknown}
 n - a scroll of butterflies {unknown}
Potions
 f - a potion of heal wounds {unknown}
 h - a potion of berserk rage {unknown}
 l - a potion of degeneration {unknown}


   Skills:
 - Level 1.7 Fighting
 + Level 4.0 Axes
 - Level 1.7 Throwing
 - Level 2.1 Dodging


You had 2 spell levels left.
You didn't know any spells.
Your spell library contained the following spells:

 Spells                   Type           Power      Damage    Failure   Level
 Cigotuvi's Dreadful Rot  Necr/Pois/Air  0%         N/A       73%         2
 Ignite Poison            Fire/Tmut/Pois 0%         N/A       91%         3
 Freezing Cloud           Conj/Ice/Air   0%         6-21      100%        5


Dungeon Overview and Level Annotations

Branches:
Dungeon (2/15)

Altars:
Ru

Shops:
D:2 (

Annotations:
D:2 Jessica


Innate Abilities, Weirdness & Mutations

You are completely covered in rugged brown scales. (AC +3, +7% HP)
Armour fits poorly on your strangely shaped body.
You cannot study or use magical devices.
You have a long armoured tail.
You roll when moving toward enemies. (Rampage)
Your long tongue fully drains potion bottles. (2x potion effects)
Your tongue gives you trouble enunciating. (1.5x scroll delay)


Message History

You roll towards the rat!
Jessica and a gnoll come into view.
A gnoll comes into view. It is wielding a +0 halberd.
Found a scroll labelled SIFEIGH LEGHU.
Found a stone staircase leading up.
Jessica shouts!
The gnoll shouts! x2; You hear a shout!
A gnoll comes into view. It is wielding a +0 spear.
The rat barely misses you.
You barely miss the rat.
The gnoll shouts!
The rat bites you but does no damage.
A gnoll comes into view. It is wielding a +0 whip.
You barely miss the rat. The rat closely misses you. The rat barely misses you.
You barely miss the rat. The rat closely misses you.
You barely miss the rat. The rat closely misses you.
Jessica mumbles some strange words.
Jessica blinks!
You hit the rat.
You kill the rat!
The gnoll hits you from afar with a +0 spear.
You focus your inner power and blind the gnoll in retribution!
Jessica casts a spell.
Jessica blinks!
The gnoll closely misses you. The gnoll hits you with a +0 flail.
You focus your inner power and blind the gnoll in retribution!
The gnoll hits you but does no damage.
The gnoll hits you from afar with a +0 halberd!
You are too injured to fight recklessly!
You are too injured to fight recklessly!
There are monsters nearby!
The gnoll is no longer blind.
An adder comes into view.
You roll towards the gnoll!
You hit the gnoll.
The gnoll is lightly wounded.
You redirect the gnoll's attack!
The gnoll hits itself with a +0 halberd.
The gnoll attacks as you move away! The gnoll hits you with a +0 halberd.
* * * LOW HITPOINT WARNING * * *
The adder barely misses you.
The gnoll hits you from afar with a +0 halberd!
You die...

#.##.#.#....##.#
##.##.#........##
###...#.###...g##.##
)...#....###.#g###.# #
###...#..# #.#.# ##gg.##.
# ##.##..# #.#g# ......# #
#.##..###.#.####......#
.......#......gS..g?......
####..###.##.#..@##<.....#
# ###. ##...............
#. #.###....###..... ...
#....# ##. . ..# #..... ##
## ....... #########


You could see 3 gnolls and an adder.

Vanquished Creatures
  2 adders (D:2)
  2 dart slugs (D:1)
  2 endoplasms (D:2)
  2 giant cockroaches (D:1)
  2 goblins
  A quokka (D:1)
  2 ball pythons (D:1)
  5 bats
  A frilled lizard (D:2)
  2 kobolds (D:1)
  5 rats
26 creatures vanquished.

Vanquished Creatures (others)
  Terence (D:2)
1 creature vanquished.

Grand Total: 27 creatures vanquished

Notes
Turn   | Place    | Note
-------+----------+-------------------------------------------
     0 | D:1      | Shard1697 the Armataur Gladiator began the quest for the
                  | Orb.
     0 | D:1      | Reached XP level 1. HP: 18/18 MP: 1/1
   246 | D:1      | Reached skill level 3 in Axes
   246 | D:1      | Reached XP level 2. HP: 23/25 MP: 2/2
   490 | D:2      | Found a faded altar of an unknown god.
   494 | D:2      | Found Johuj's Antique Weapon Shoppe.
   505 | D:2      | Prayed at the altar of an unknown god.
   505 | D:2      | Became a worshipper of Ru the Awakened
   514 | D:2      | Gained mutation: You cannot study or use magical devices.
                  | [Ru sacrifice]
   514 | D:2      | Reached * piety under Ru
   514 | D:2      | Reached ** piety under Ru
   543 | D:2      | Noticed Terence
   551 | D:2      | Killed Terence
   552 | D:2      | Reached XP level 3. HP: 31/31 MP: 3/3
   648 | D:2      | Reached skill level 4 in Axes
   698 | D:2      | Noticed Jessica
   715 | D:2      | Slain by a gnoll

Illustrated notes

Levels and vault maps discovered:
D:1:      saegor_arrival_simple_c, layout_basic
D:2:      layout_loops_ring, serial_shops, shop,
          ebering_ecumenical_altar_abandoned, uniq_jessica, uniq_terence

Skill      XL: |  1  2  3 |
---------------+----------+-----
Axes           | 3 4 |  4.0
Fighting       | |  1.7
Throwing       | |  1.7
Dodging        | |  2.1

Action                     || total
---------------------------++-------
  Melee: War axe           ||    65
         Tailslap          ||     9
 Invoke: Sacrifice Artific ||     1
 Armour: Leather armour    ||    11
         Ring mail         ||    17
  Dodge: Dodged            ||    39

Table legend: (Time is in decaauts)
 A = Elapsed time spent in this place.
 B = Non-inter-level travel time spent in this place.
 C = Inter-level travel time spent in this place.
 D = Time resting spent in this place.
 E = Time spent auto-exploring this place.
 F = Levels seen in this place.
 G = Mean time per level.
                   A        B        C        D        E       F      G
               +--------+--------+--------+--------+--------+-----+--------+
         Total |    737 |    720 |     17 |     33 |    481 |   2 |  368.5 |
       Dungeon |    737 |    720 |     17 |     33 |    481 |   2 |  368.5 |
               +--------+--------+--------+--------+--------+-----+--------+

Top non-repeatable levels by time:
     D:1: 486 daAuts
     D:2: 251 daAuts
